 Seeded DCSS version 0.29-a0-876-gfc89b1a5bd (webtiles) character file.

Game seed: 8897551386731462229 (custom seed)

392 wilfster70 the Ruffian (level 6, -3/62 HPs)
             Began as a Troll Fighter on July 19, 2022.
             Was an Initiate of Hepliaklqana.
             Slain by an ogre
             ... wielding a +0 giant club
              (24 damage)
             ... on level 5 of the Dungeon.
             The game lasted 00:06:16 (2939 turns).

wilfster70 the Ruffian (Troll Fighter)              Turns: 2939, Time: 00:06:16

Health: -3/62      AC:  9    Str: 25    XL:     6   Next: 50%
Magic:  5/5        EV:  8    Int:  6    God:    Hepliaklqana [......]
Gold:   309        SH:  7    Dex:  9    Spells: 5/5 levels left

rFire   + . .      SeeInvis .     - Unarmed
rCold   + . .      Faith    .   b - +0 kite shield
rNeg    . . .      Spirit   .   a - +0 robe
rPois   .          Reflect  .   e - +1 hat
rElec   .          Harm     .   k - scarf {rC+ rF+}
rCorr   .          Rampage  .   (gloves unavailable)
Will    .....                   (boots unavailable)
Stlth   +.........              (no amulet)
HPRegen 1.00/turn               l - +4 ring of protection
MPRegen 0.09/turn               (no ring)

@: no status effects
A: large, unfitting armour, claws 3, regeneration 1, shaggy fur 1, tough skin 1
a: Renounce Religion


You were on level 5 of the Dungeon.
You worshipped Hepliaklqana.
Hepliaklqana was noncommittal.
You visited 1 branch of the dungeon, and saw 5 of its levels.

You collected 309 gold pieces.

Inventory:

Missiles
 f - 2 javelins (quivered)
Armour
 a - a +0 robe (worn)
 b - a +0 kite shield (worn)
 e - a +1 hat (worn)
 k - a scarf of resistance (worn)
Jewellery
 l - a +4 ring of protection (left claw)
 u - a ring of fire
Wands
 v - a wand of charming (4)
 y - a wand of roots (2)
Scrolls
 g - a scroll of enchant armour {unknown}
 h - 2 scrolls of poison
 i - a scroll of magic mapping {unknown}
 j - 3 scrolls of noise {unknown}
 m - 2 scrolls of blinking {unknown}
 n - a scroll of brand weapon {unknown}
 o - a scroll of vulnerability {unknown}
 p - a scroll of enchant weapon {unknown}
 r - 2 scrolls of identify
 s - 2 scrolls of teleportation {unknown}
 w - a scroll of fog {unknown}
 x - a scroll of torment {unknown}
 z - a scroll of silence {unknown}
Potions
 c - a potion of might
 d - 4 potions of curing
 q - a potion of flight {unknown}
 t - a potion of mutation {unknown}


   Skills:
 + Level 3.6 Fighting
 - Level 2.4 Dodging
 + Level 4.0 Shields
 * Level 5.1 Unarmed Combat


You had 5 spell levels left.
You didn't know any spells.
Your spell library contained the following spells:

 Spells                   Type           Power      Damage    Failure   Level
 Apportation              Tloc           0%         N/A       75%         1
 Necrotise                Necr           0%         1d4       75%         1
 Summon Small Mammal      Summ           0%         N/A       75%         1
 Ensorcelled Hibernation  Hex/Ice        0%         N/A       86%         2
 Passwall                 Tmut/Erth      0%         N/A       86%         2
 Swiftness                Air            0%         N/A       98%         3


Dungeon Overview and Level Annotations

Branches:
Dungeon (5/15)
 Temple: D:4-7

Altars:
Cheibriados
Fedhas
Gozag
Hepliaklqana
Kikubaaqudgha
Makhleb
Trog
Xom

Annotations:
D:4 2 transporters, Peppero's ghost, novice GnCj


Innate Abilities, Weirdness & Mutations

You are too large for most types of armour.
You have claws for hands.
Your natural rate of healing is unusually fast.
You are covered in fur. (AC +1)
You have tough skin. (AC +1)


Message History

There is an open door here.
You now have 309 gold pieces (gained 8).
Unknown command.
There is a fountain of clear blue water here.
There is an open door here.
Items here: )) †††.
Found a dagger.
Partly explored, unvisited transporter.
(D) Dungeon
Where to? (Enter - D:4, ? - help) Peppero's ghost wails, "What do you have that I didn't have?"
There is an open door here.
There is a stone staircase leading down here.
You climb downwards.
The ogre shouts!
Found a blackened glass wand, a scroll labelled SAMOG FIMUNTIE and a flail.
There is a stone staircase leading up here.
There are monsters nearby!
The hound barks!
The hound bites you but does no damage.
You climb upwards.
Level annotation: 2 transporters, Peppero's ghost, novice GnCj
There is a stone staircase leading down here.
You miss the hound. You block the hound's attack. The hound bites you.
You mangle the hound!!
You kill the hound!
No target in view!
HP restored.
You climb downwards.
The ogre hits you with a +0 giant club!!
The white imp shouts!
There is a stone staircase leading up, spattered with blood here.
You barely miss the ogre.
The ogre hits you with a +0 giant club!!
* * * LOW HITPOINT WARNING * * *
You are too injured to fight recklessly!
You barely miss the ogre.
You feel better.
The ogre hits you with a +0 giant club!!
You die...

.........
.....#...
..5..#..#
).......#
........##
#.......#
##.....###
#...O@...#
#........../.
...............
....##.......?.
... #.##......
.. .. .#.... .
.. #..... ...
.....


You could see an ogre and a white imp.

Vanquished Creatures
  A scorpion (D:4)
  A hound (D:4)
  An orc priest (D:3)
  7 gnolls
  9 adders
  3 worms
  2 dart slugs
  14 orcs
  4 bats
  10 endoplasms
  4 giant cockroaches
  3 goblins
  6 hobgoblins
  4 jackals (D:1)
  10 kobolds
  7 ball pythons
  7 frilled lizards
  A rat (D:3)
94 creatures vanquished.

Vanquished Creatures (others)
  An orc wizard (D:3)
  2 fungi (D:2)
  3 plants (D:2)
6 creatures vanquished.

Grand Total: 100 creatures vanquished

Notes
Turn   | Place    | Note
-------+----------+-------------------------------------------
     0 | D:1      | wilfster70 the Troll Fighter began the quest for the Orb.
     0 | D:1      | Reached XP level 1. HP: 22/22 MP: 0/0
    70 | D:1      | Reached XP level 2. HP: 29/29 MP: 1/1
   129 | D:1      | Identified a scroll of acquirement
   129 | D:1      | Acquired a +1 hat
   421 | D:1      | Acquired a scarf of resistance
   635 | D:2      | Reached XP level 3. HP: 32/36 MP: 2/2
   638 | D:2      | Reached skill level 3 in Unarmed Combat
   743 | D:2      | Reached XP level 4. HP: 37/44 MP: 3/3
   826 | D:2      | Found a faded altar of an unknown god.
  1500 | D:3      | Reached skill level 4 in Unarmed Combat
  1500 | D:3      | Reached XP level 5. HP: 49/53 MP: 4/4
  1516 | D:3      | Found a bloodstained altar of Trog.
  1613 | D:3      | Found a shimmering altar of Xom.
  2267 | D:4      | Reached XP level 6. HP: 61/61 MP: 5/5
  2312 | D:4      | Found a transporter.
  2316 | D:4      | Noticed Peppero's ghost (novice GnCj)
  2317 | D:4      | Found a transporter.
  2353 | D:4      | Found a hazy altar of Hepliaklqana.
  2376 | D:4      | Found an ancient bone altar of Kikubaaqudgha.
  2383 | D:4      | Became a worshipper of Hepliaklqana the Forgotten
  2543 | D:4      | Reached skill level 5 in Unarmed Combat
  2548 | D:4      | Found an opulent altar of Gozag.
  2676 | D:4      | Found a burning altar of Makhleb.
  2779 | D:4      | Found a blossoming altar of Fedhas.
  2779 | D:4      | Found a snail-covered altar of Cheibriados.
  2926 | D:5      | Entered Level 5 of the Dungeon
  2939 | D:5      | Slain by an ogre

Illustrated notes

Levels and vault maps discovered:
D:1:      lemuel_arrival_behind_the_door_large, layout_basic, minivault_24,
          dreamdust_wishing_well, moated_statue, minmay_hedge_maze
D:2:      layout_basic, dreamdust_ecumenical_altar_grove, eino_tiny_chamber,
          minmay_joined_circles
D:3:      layout_loops_ring, bloody_trog, mainiacjoe_overflow_tiny_flanked,
          minmay_fractal_squares_gapless_5
D:4:      layout_basic, bloody_makhleb, lemuel_crystal_altar,
          gammafunk_temple_overflow_pools, grunt_temple_overflow_open,
          gammafunk_ghost_mausoleum
D:5:      layout_cave_pools, minmay_misc_feat_x, uniq_blork_the_orc, uniq_pikel

Skill      XL: |  1  2  3  4  5  6 |
---------------+-------------------+-----
Shields        | 3 4 |  4.0
Unarmed Combat | 3 4 5 |  5.1
Fighting       | 3 |  3.6
Dodging        | |  2.4

Action                   |  1- 3 |  4- 6 || total
-------------------------+-------+-------++-------
Melee: Unarmed           |    68 |   188 ||   256
  Use: Scroll            |     4 |     1 ||     5
       Potion            |       |     1 ||     1
Armor: Robe              |    32 |    77 ||   109
Dodge: Dodged            |    23 |    59 ||    82
Block: Kite shield       |    20 |    60 ||    80

Table legend: (Time is in decaauts)
 A = Elapsed time spent in this place.
 B = Non-inter-level travel time spent in this place.
 C = Inter-level travel time spent in this place.
 D = Time resting spent in this place.
 E = Time spent auto-exploring this place.
 F = Levels seen in this place.
 G = Mean time per level.
                   A        B        C        D        E       F      G
               +--------+--------+--------+--------+--------+-----+--------+
         Total |   2958 |   2856 |    102 |     55 |   1574 |   5 |  591.6 |
       Dungeon |   2958 |   2856 |    102 |     55 |   1574 |   5 |  591.6 |
               +--------+--------+--------+--------+--------+-----+--------+

Top non-repeatable levels by time:
     D:2: 823 daAuts
     D:3: 797 daAuts
     D:4: 754 daAuts
     D:1: 573 daAuts
     D:5: 9 daAuts
